 Dungeon Crawl Stone Soup version 0.22-a0-179-gb5258fd (webtiles) character file.

334 b5mith the Skirmisher (level 6, 0/53 HPs)
             Began as a Human Berserker on Feb 13, 2018.
             Was a Believer of Trog.
             Slain by a water moccasin (1 damage)
             ... on level 3 of the Dungeon.
             The game lasted 00:14:49 (3503 turns).

b5mith the Skirmisher (Human Berserker)             Turns: 3503, Time: 00:14:50

Health: 0/53       AC:  4    Str: 20 (23) XL:     6   Next: 83%
Magic:  6/6        EV: 13    Int:  6 (7)  God:    Trog [**....]
Gold:   255        SH: 10    Dex: 11 (14) Spells: 5/5 levels left

rFire    . . .     SeeInvis .   a - +0 spear
rCold    + . .     Gourm    .   r - +0 shield
rNeg     . . .     Faith    .   b - +0 animal skin
rPois    .         Spirit   .   i - +1 hat
rElec    .         Reflect  .   m - +0 cloak
rCorr    .         Harm     .   (no gloves)
MR       .....                  (no boots)
Stlth    +.........             q - amulet of the acrobat
HPRegen  0.17/turn              j - ring of ice
MPRegen  0.10/turn              u - ring of protection from fire

@: mighty
A: no striking features
a: Berserk, Trog's Hand, Burn Spellbooks, Renounce Religion


You were on level 3 of the Dungeon.
You worshipped Trog.
Trog was pleased with you.
You were not hungry.

You visited 1 branch of the dungeon, and saw 4 of its levels.

You collected 255 gold pieces.

Inventory:

Hand Weapons
 a - a +0 spear (weapon)
 v - a +0 dagger
Missiles
 d - 43 stones (quivered)
Armour
 b - a +0 animal skin (worn)
 i - a +1 hat (worn)
 m - a +0 cloak (worn)
 r - a +0 shield (worn)
Jewellery
 j - a ring of ice (left hand)
 q - an amulet of the acrobat (around neck)
 u - a ring of protection from fire (right hand)
Scrolls
 e - 4 scrolls of teleportation
 n - a scroll of immolation
 o - a scroll of remove curse {unknown}
 p - 2 scrolls of fog
 t - a scroll of identify {@r1}
Potions
 f - a potion of brilliance
 k - a potion of degeneration
 l - a potion of invisibility {unknown}


   Skills:
 - Level 6.6 Fighting
 + Level 6.5 Polearms
 - Level 6.1 Armour
 - Level 6.2 Dodging
 * Level 5.5 Shields


You had 5 spell levels left.
You didn't know any spells.

Dungeon Overview and Level Annotations

Branches:
Dungeon (4/15)
 Temple: D:4-7

Altars:
Makhleb
Trog
Uskayaw


Message History

* * * LOW HITPOINT WARNING * * *
Unknown command.
It was a potion of might.
You feel very mighty all of a sudden. You block the water moccasin's attack.
You miss the water moccasin. The water moccasin closely misses you.
The water moccasin completely misses you.
You hit the water moccasin.
The water moccasin is moderately wounded.
The water moccasin misses you.
You closely miss the water moccasin.
The water moccasin is moderately wounded.
The water moccasin bites you but does no damage.
You hit the water moccasin.
The water moccasin is moderately wounded.
You block the water moccasin's attack.
You puncture the water moccasin!
The water moccasin is severely wounded.
The water moccasin bites you.
You die...

#.........#..# #.......'....
#......(..##.# #.......#####
#.........##.## #............
##.#########..#
##........####
#.##########.###....####.#
#.##.................###.####
#.##.................##......
#.##.................##......
#.##.......S@..##+#####......
#####.##............#.#
#......
.........+########'.#.#
#......
.........#........#.#.#
#......
.......#.#.'####+.#.#.#
#######
.......#.#.#....#.#.#.# #[...
.......#.#.#.##.#.#.#.# #.###
.......#.#.#.##.#.#...# #.#
#####'##.#.#....#.#...# #.#


You could see a water moccasin (inner flame).

Vanquished Creatures
  Terence (D:1)
  Robin (D:3)
  5 adders
  A worm (D:3)
  5 leopard geckos
  3 orcs
  6 bats
  4 giant cockroaches
  17 goblins
  16 hobgoblins
  4 jackals (D:3)
  A quokka (D:3)
  5 kobolds
  5 rats
74 creatures vanquished.

Notes
Turn   | Place    | Note
-------+----------+-------------------------------------------
     0 | D:1      | b5mith the Human Berserker began the quest for the Orb.
     0 | D:1      | Reached XP level 1. HP: 18/18 MP: 1/1
   117 | D:1      | Reached XP level 2. HP: 24/24 MP: 2/2
   725 | D:1      | Reached XP level 3. HP: 28/29 MP: 3/3
   972 | D:2      | Noticed Terence
  1239 | D:1      | Killed Terence
  1239 | D:1      | Reached XP level 4. HP: 35/35 MP: 4/4
  2234 | D:3      | Reached ** piety under Trog
  2291 | D:3      | Reached XP level 5. HP: 36/42 MP: 5/5
  2902 | D:3      | Reached skill level 1 in Shields
  3083 | D:3      | Found a hide-covered altar of Uskayaw.
  3089 | D:3      | Noticed Robin
  3125 | D:3      | Killed Robin
  3135 | D:3      | Found a bloodstained altar of Trog.
  3173 | D:3      | Found a burning altar of Makhleb.
  3444 | D:4      | Noticed a water moccasin
  3492 | D:3      | Reached skill level 5 in Shields
  3492 | D:3      | Reached XP level 6. HP: 5/53 MP: 6/6
  3497 | D:3      | HP: 1/53 [water moccasin (5)]
  3503 | D:3      | Slain by a water moccasin

Vault maps used:
D:1:      saegor_arrival_miasma
D:2:      uniq_terence
D:3:      grunt_temple_overflow_open, minivault_11, uniq_crazy_yiuf_cottage,
          uniq_robin
D:4:      first_ration

Skill      XL: |  1  2  3  4  5 |
---------------+----------------+-----
Dodging        | 6 |  6.2
Armour         | 6 |  6.1
Shields        | 5 |  5.5
Fighting       | 6 |  6.6
Polearms       | 6 |  6.5

Action                   |  1- 3 |  4- 6 || total
-------------------------+-------+-------++-------
Melee: Spear             |    80 |   259 ||   339
Throw: Stone             |    49 |    73 ||   122
Invok: Berserk           |     1 |     1 ||     2
  Use: Scroll            |     1 |     5 ||     6
       Potion            |       |     5 ||     5
 Stab: Sleeping          |     2 |     2 ||     4
  Eat: Chunk             |     1 |     4 ||     5
       Ration            |       |     2 ||     2
Armor: Animal skin       |    23 |    45 ||    68
Dodge: Dodged            |    70 |   119 ||   189
Block: Shield            |       |    65 ||    65

Table legend:
 A = Spawn XP
 B = Non-spawn XP
 C = Spawn XP percentage of total XP
 D = Spawn monster count
 E = Non-spawn monster count
 F = Spawn count percentage of total count
 G = Total turns spent on level
                    A         B        C        D         E        F      G
               +---------+---------+-------+---------+---------+-------+---------
         Total |       0 |     248 |   0.0 |       0 |      74 |   0.0 |  3503
               +---------+---------+-------+---------+---------+-------+---------
           D:1 |       0 |      71 |   0.0 |       0 |      21 |   0.0 |  1132
           D:2 |       0 |      39 |   0.0 |       0 |      10 |   0.0 |   878
           D:3 |       0 |     135 |   0.0 |       0 |      42 |   0.0 |  1377
           D:4 |       0 |       3 |   0.0 |       0 |       1 |   0.0 |   116
               +---------+---------+-------+---------+---------+-------+---------
